 Dungeon Crawl Stone Soup version 0.31-a0-672-g7da72447bb (webtiles) character file.

Game seed: 5044782809133221447

106 Dirtsage the Changeling (level 4, 0/29 HPs)
             Began as an Octopode Shapeshifter on Sept 4, 2023.
             Slain by an orc
             ... wielding a +0 club
              (4 damage)
             ... on level 3 of the Dungeon.
             The game lasted 00:03:13 (1460 turns).

Dirtsage the Changeling (Octopode Shapeshifter)     Turns: 1460, Time: 00:03:14

Health: 0/29       AC:  1    Str: 15    XL:     4   Next: 84%
Magic:  4/4        EV: 13    Int: 12    God:
Gold:   106        SH:  0    Dex: 11    Spells: 3/3 levels left

rFire   . .          .
                       - Unarmed
rCold   . . .        (no shield)
rNeg    . . .        (helmet currently unavailable)
rPois   .            (no amulet)
rElec   .            (no ring)
rCorr   .            (no ring)
SInv    .            (no ring)
Will    .....        (no ring)
Stlth   ++           (no ring)
HPRegen 0.24/turn    (no ring)
MPRegen 0.09/turn    (no ring)
                     (no ring)

%: no passive effects
@: beast-form
A: beast (slay +2), almost no armour, amphibious, 8 rings, camouflage 1,
gelatinous body 1, (nimble swimmer 1), tentacles
a: Begin Untransformation


You were on level 3 of the Dungeon.
You were a hulking beast.
You visited 1 branch of the dungeon, and saw 3 of its levels.

You collected 106 gold pieces.

Inventory:

Armour
 i - a +2 hat
Magical Staves
 k - a staff of poison
Talismans
 b - a beast talisman (active)
 c - a flux talisman
 p - a blade talisman
Scrolls
 d - a scroll of noise {unknown}
 f - a scroll of revelation
 g - a scroll of vulnerability
 j - 2 scrolls of summoning
 l - a scroll of enchant armour
 t - a scroll of teleportation
Potions
 a - a potion of lignification
 e - a potion of heal wounds {unknown}
 h - a potion of magic {unknown}
 m - a potion of curing {unknown}
 n - 2 potions of brilliance {unknown}
 o - a potion of might {unknown}
 q - a potion of resistance {unknown}


   Skills:
 + Level 2.2 Fighting
 - Level 2.0 Dodging
 + Level 3.6 Unarmed Combat
 * Level 4.2 Shapeshifting


You had 3 spell levels left.
You didn't know any spells.
Your spell library was empty.

Dungeon Overview and Level Annotations

Branches:
Dungeon (3/15)

Altars:


Innate Abilities, Weirdness & Mutations

You are a hulking beast.
Your limbs bulge with bestial killing power. (Slay +2)
You cannot wear most types of armour.
You are amphibious.
You can wear up to eight rings at the same time.
Your skin changes colour to match your surroundings (Stealth+).
Your rubbery body absorbs attacks. (AC +1, EV +1)
((You are camouflaged when in or above water. (Stealth+)))
You have tentacles for arms and can constrict up to eight enemies at once.


Message History

You completely miss the orc.
The orc is heavily wounded.
You constrict the orc.
The orc priest miscasts a cantrip.
The orc closely misses you.
You tentacle-slap the orc.
You kill the orc!
You closely miss the orc priest. Your grab misses the orc priest.
The orc priest barely misses you.
You tentacle-slap the orc priest. Your grab misses the orc priest.
The orc priest is moderately wounded.
The orc priest calls down the wrath of Beogh upon you.
Pain shoots through your body!
You take 13 damage, and have 11/29 hp.
MASSIVE DAMAGE!!
You barely miss the orc priest. You grab the orc priest.
The orc priest is moderately wounded.
You constrict the orc priest, but do no damage.
The orc priest hits you with a +0 dagger.
* * * LOW HITPOINT WARNING * * *
You take 3 damage, and have 8/29 hp.
You tentacle-slap the orc priest but do no damage.
The orc priest is moderately wounded.
You constrict the orc priest.
You tentacle-slap the orc priest but do no damage.
The orc priest is heavily wounded.
You constrict the orc priest, but do no damage.
The orc priest hits you with a +0 dagger.
* * * LOW HITPOINT WARNING * * *
You take 3 damage, and have 5/29 hp.
You tentacle-slap the orc priest. You squeeze the orc priest.
The orc priest is almost dead.
You constrict the orc priest, but do no damage.
The orc priest hits you with a +0 dagger.
* * * LOW HITPOINT WARNING * * *
You take 2 damage, and have 3/29 hp.
You tentacle-slap the orc priest.
You kill the orc priest!
You closely miss the orc. Your grab misses the orc.
The orc hits you with a +0 club.
You die...

.............#####
#######......#
#### #......# .
.>####......###[#.
#.##..............
#.##.#......##.##.
#....#......##.#
#.####.......#.#
#h# #.......#.#
#o# #######...###
#.# #...... #.#
#.#.... #.#
...#.... ...
...###.#.. #.#
##..#...... #.#
#..#...##.
#..###.##.


You could see an orc.

Vanquished Creatures
  An orc priest (D:3)
  2 adders (D:2)
  2 dart slugs
  2 orcs (D:3)
  5 ball pythons
  3 endoplasms (D:3)
  6 giant cockroaches (D:2)
  6 goblins
  3 hobgoblins
  2 quokkas
  4 bats
  6 frilled lizards
  4 kobolds
  5 rats
51 creatures vanquished.

Notes
Turn   | Place    | Note
-------+----------+-------------------------------------------
     0 | D:1      | Dirtsage the Octopode Shapeshifter began the quest for the
                  | Orb.
     0 | D:1      | Reached XP level 1. HP: 13/13 MP: 1/1
    39 | D:1      | You fall into a shaft and drop 1 floor!
   147 | D:1      | Reached XP level 2. HP: 18/18 MP: 2/2
   637 | D:2      | Reached XP level 3. HP: 14/23 MP: 3/3
   967 | D:2      | Found a faded altar of an unknown god.
  1023 | D:2      | Identified the +2 spear "Peho" {antimagic, *Corrode +Blink
                  | rPois Int+8}
  1222 | D:3      | Reached XP level 4. HP: 29/29 MP: 4/4
  1445 | D:3      | Reached skill level 4 in Shapeshifting
  1460 | D:3      | Slain by an orc

Illustrated notes

Levels and vault maps discovered:
D:1:      dpeg_arrival_round_a, layout_rooms
D:2:      layout_rooms, serial_bayou, serial_bayou_shore_a, serial_bayou_ford_a,
          serial_bayou_lagoon_b, serial_bayou_crossing,
          shapermc_ecumenical_altar_mp_urbaneastern,
          chequers_serial_rivers_micro_c, minmay_worlds_worst_comb
D:3:      layout_basic, serial_shops, shop

Skill      XL: |  1  2  3  4 |
---------------+-------------+-----
Fighting       | 2 |  2.2
Shapeshifting  | 4 |  4.2
Dodging        | |  2.0
Unarmed Combat | |  3.6

Action                     |  1- 3 |  4- 6 || total
---------------------------+-------+-------++-------
  Melee: Unarmed           |    65 |    36 ||   101
         Constrict         |    14 |     6 ||    20
         Tentacles         |     9 |     5 ||    14
    Use: Scroll            |       |     5 ||     5
   Stab: Sleeping          |    11 |       ||    11
 Armour: Skin              |    22 |    11 ||    33
  Dodge: Dodged            |    36 |    14 ||    50

Table legend: (Time is in decaauts)
 A = Elapsed time spent in this place.
 B = Non-inter-level travel time spent in this place.
 C = Inter-level travel time spent in this place.
 D = Time resting spent in this place.
 E = Time spent auto-exploring this place.
 F = Levels seen in this place.
 G = Mean time per level.
                   A        B        C        D        E       F      G
               +--------+--------+--------+--------+--------+-----+--------+
         Total |   1453 |   1419 |     34 |     50 |   1079 |   3 |  484.3 |
       Dungeon |   1453 |   1419 |     34 |     50 |   1079 |   3 |  484.3 |
               +--------+--------+--------+--------+--------+-----+--------+

Top non-repeatable levels by time:
     D:2: 737 daAuts
     D:1: 475 daAuts
     D:3: 240 daAuts
